 Dungeon Crawl Stone Soup version 0.22-a0-259-gdd11e71 (webtiles) character file.

100 Zwobot the Skirmisher (level 4, -1/39 HPs)
             Began as a Mummy Fighter on Mar 5, 2018.
             Slain by Natasha (8 damage)
             ... on level 2 of the Dungeon.
             The game lasted 00:04:38 (1810 turns).

Zwobot the Skirmisher (Mummy Fighter)               Turns: 1810, Time: 00:04:39

Health: -1/39      AC:  7    Str: 20    XL:     4   Next: 47%
Magic:  4/4        EV:  7    Int:  7    God:
Gold:   79         SH:  8    Dex: 11    Spells: 3/3 levels left

rFire    x . .     SeeInvis .   a - +0 long sword
rCold    + . .     Gourm    .   c - +0 shield
rNeg     + + +     Faith    .   b - +0 scale mail
rPois    ∞         Spirit   .   (no helmet)
rElec    .         Reflect  .   (no cloak)
rCorr    .         Harm     .   e - +0 pair of gloves
MR       .....                  (no boots)
Stlth    ..........             (no amulet)
HPRegen  0.13/turn              (no ring)
MPRegen  0.09/turn              (no ring)

@: about to teleport
A: no food or potions, fire vulnerability, cold resistance 1, negative energy
resistance 3, torment resistance, unbreathing
a: no special abilities


You were on level 2 of the Dungeon.
You were not hungry.

You visited 1 branch of the dungeon, and saw 2 of its levels.

You collected 79 gold pieces.

Inventory:

Hand Weapons
 a - a +0 long sword (weapon)
Missiles
 d - 53 stones (quivered)
 h - 9 poisoned needles
Armour
 b - a +0 scale mail (worn)
 c - a +0 shield (worn)
 e - a +0 pair of gloves (worn)
 j - a +0 chain mail
Scrolls
 g - 2 scrolls of identify
 i - a scroll of magic mapping {unknown}
 k - a scroll of random uselessness {unknown}


   Skills:
 + Level 5.3 Fighting
 - Level 1.5 Long Blades
 - Level 2.4 Armour
 - Level 2.4 Shields


You had 3 spell levels left.
You didn't know any spells.

Dungeon Overview and Level Annotations

Branches:
Dungeon (2/15)

Altars:

Annotations:
D:2 Natasha


Innate Abilities, Weirdness & Mutations

You do not eat or drink.
Your flesh is vulnerable to fire.
You are immune to poison.
Your flesh is cold resistant. (rC+)
You are immune to negative energy. (rN+++)
You are immune to unholy pain and torment.
You can survive without breathing.


Message History

You miss Natasha.
Natasha is heavily wounded.
Natasha stares at you and mumbles some strange words.
The magic dart hits you!
Natasha howls an incantation.
You feel troubled.
You can't drink.
You aren't carrying any items that you can evoke.
As you read the scroll labeled TOICAN JIYHI, it crumbles to dust.
It is a scroll of identify.
f - a scroll of teleportation Natasha claws you.
* * * LOW HITPOINT WARNING * * *
As you read the scroll of teleportation, it crumbles to dust.
You feel strangely unstable. You block Natasha's attack.
You closely miss Natasha.
Natasha is heavily wounded.
The white imp disappears in a puff of smoke!
Natasha claws you!
You die...

............# ##.#
#.#.#.#.#
...........##
#.#####.#.#.#.#
...##.....##
#..#....#.....#
###########
#............##
#...##.........
####..............
#§5.5##.######...#
#h##.##.# ###..
#@##..#.# ###
#.###.#.####### #
#........†..).# #
#####...#####.##
#..## #..### ##.#
##.... #.# ####.
### ## #


You could see Natasha and a shadow imp.

Vanquished Creatures
  Natasha (D:2)
  An adder (D:2)
  2 oozes
  A worm (D:2)
  3 dart slugs (D:1)
  2 leopard geckos (D:1)
  4 bats
  A giant cockroach (D:1)
  6 goblins
  7 hobgoblins
  4 jackals (D:2)
  4 kobolds
  3 quokkas (D:2)
  A frilled lizard (D:1)
  5 rats
45 creatures vanquished.

Notes
Turn   | Place    | Note
-------+----------+-------------------------------------------
     0 | D:1      | Zwobot the Mummy Fighter began the quest for the Orb.
     0 | D:1      | Reached XP level 1. HP: 18/18 MP: 1/1
   277 | D:1      | Reached XP level 2. HP: 14/24 MP: 2/2
   590 | D:1      | Reached skill level 4 in Fighting
   762 | D:1      | Reached XP level 3. HP: 30/30 MP: 3/3
  1548 | D:2      | Noticed Natasha
  1555 | D:2      | Killed Natasha
  1555 | D:2      | Reached skill level 5 in Fighting
  1555 | D:2      | Reached XP level 4. HP: 38/39 MP: 4/4
  1794 | D:2      | Noticed Natasha
  1810 | D:2      | Slain by Natasha

Vault maps used:
D:1:      dpeg_arrival_more_subterranean_lakeside_camping,
          roderic_roman_lattice, minmay_misc_feat_pillars,
          hangedman_abyss_or_decor_stabs
D:2:      first_ration, uniq_natasha

Skill      XL: |  1  2  3 |
---------------+----------+-----
Fighting       | 4 5 |  5.3
Long Blades    | |  1.5
Armour         | |  2.4
Shields        | |  2.4

Action                   |  1- 3 |  4- 6 || total
-------------------------+-------+-------++-------
Melee: Long sword        |   123 |    30 ||   153
  Use: Scroll            |       |     2 ||     2
Armor: Scale mail        |    65 |     8 ||    73
Dodge: Dodged            |    42 |    13 ||    55
Block: Shield            |    63 |    10 ||    73
       Rpst.: Long sword |    13 |     4 ||    17

Table legend:
 A = Spawn XP
 B = Non-spawn XP
 C = Spawn XP percentage of total XP
 D = Spawn monster count
 E = Non-spawn monster count
 F = Spawn count percentage of total count
 G = Total turns spent on level
                    A         B        C        D         E        F      G
               +---------+---------+-------+---------+---------+-------+---------
         Total |       0 |     144 |   0.0 |       0 |      45 |   0.0 |  1810
               +---------+---------+-------+---------+---------+-------+---------
           D:1 |       0 |      60 |   0.0 |       0 |      27 |   0.0 |  1231
           D:2 |       0 |      84 |   0.0 |       0 |      18 |   0.0 |   579
               +---------+---------+-------+---------+---------+-------+---------
